 Dungeon Crawl Stone Soup version 0.31-a0-365-gcf821cafb2 (webtiles) character file.

Game seed: 12584706496682901685

9726 LeprechaunX the Grappler (level 11, -11/78 HPs)
             Began as an Octopode Shapeshifter on July 27, 2023.
             Was the Champion of Jiyva.
             Shot with an arrow by a centaur warrior (29 damage)
             ... on level 10 of the Dungeon.
             The game lasted 00:14:37 (7229 turns).

LeprechaunX the Grappler (Octopode Shapeshifter)    Turns: 7229, Time: 00:14:38

Health: -11/78     AC:  5    Str: 18    XL:     11   Next: 51%
Magic:  20/20      EV: 13    Int: 11    God:    Jiyva [******]
Gold:   275        SH:  0    Dex: 13    Spells: 10/10 levels left

rFire   . .          .
                       - Unarmed
rCold   . . .        (no shield)
rNeg    . . .        s - amulet of regeneration
rPois   +            o - ring "Dycses" {rPois MP+9}
rElec   .            f - +4 ring of protection
rCorr   +            y - ring of flight
SInv    +            (no ring)
Will    +++..        (no ring)
Stlth   ++           (no ring)
HPRegen 2.73/turn    (no ring)
MPRegen 0.67/turn    (no ring)

%: no passive effects
@: beast-form, flying
A: beast (slay +5), almost no armour, amphibious, 8 rings, camouflage 1,
gelatinous body 1, (nimble swimmer 1), tentacles, antennae 3, strong-willed 3,
mutation resistance 1, MP-powered wands
a: Begin Untransformation, Renounce Religion, Oozemancy, Slimify


You were on level 10 of the Dungeon.
You worshipped Jiyva.
Jiyva was exalted by your worship.
You were a hulking beast.
You visited 1 branch of the dungeon, and saw 10 of its levels.
You also visited: Sewer and Bailey.

You collected 275 gold pieces.

Inventory:

Hand Weapons
 a - a +3 orcbow of freezing
Armour
 z - the +3 hat of Pondering {ponderous, Will+ MP+10 Int+5}
   (You took it off Gastronok on level 9 of the Dungeon)

   Int:       It affects your intelligence (+5).
   MP:        It affects your magic capacity (+10).
   Will:      It increases your willpower.
Jewellery
 f - a +4 ring of protection (right tentacle)
 o - the ring "Dycses" (left tentacle) {rPois MP+9}
   (You took it off a hobgoblin on level 4 of the Dungeon)

   [ring of poison resistance]

   rPois:     It protects you from poison.
   MP:        It affects your magic capacity (+9).
 s - an amulet of regeneration (around mantle)
 y - a ring of flight (on tentacle)
Talismans
 b - a beast talisman
 A - a maw talisman
Wands
 k - a wand of polymorph (7)
Scrolls
 c - a scroll of revelation {unknown}
 d - 2 scrolls of teleportation {unknown}
 h - a scroll of fog {unknown}
 i - a scroll of blinking
 l - 2 scrolls of enchant armour {unknown}
 t - a scroll of silence {unknown}
 u - a scroll of immolation {unknown}
 x - a scroll of enchant weapon {unknown}
Potions
 e - 2 potions of lignification
 g - a potion of attraction {unknown}
 j - a potion of curing {unknown}
 m - a potion of resistance
 n - a potion of magic {unknown}
 p - a potion of cancellation {unknown}
 q - 2 potions of heal wounds {unknown}
 r - 3 potions of mutation
 v - a potion of haste {unknown}
Miscellaneous
 w - a lightning rod (4/4)


   Skills:
 + Level 8.7 Fighting
 - Level 4.0 Ranged Weapons
 - Level 2.0 Dodging
 + Level 12.4 Unarmed Combat
 * Level 8.0 Shapeshifting


You had 10 spell levels left.
You didn't know any spells.
Your spell library contained the following spells:

 Spells                   Type           Power      Damage    Failure   Level
 Portal Projectile        Hex/Tloc       0%         N/A       71%         3
 Tukima's Dance           Hex            0%         N/A       71%         3
 Volatile Blastmotes      Fire/Tloc      0%         2d10      71%         3
 Fulminant Prism          Conj/Hex       0%         3d5       98%         4
 Iskenderun's Mystic Bla  Conj/Tloc      0%         2d3       98%         4


Dungeon Overview and Level Annotations

Branches:
Dungeon (10/15)            Temple (0/1) D:5           Sewer (visited)
 Bailey (visited)
   Lair: D:8-11         Orc: D:9-12

Altars:
Makhleb
Ru
Wu Jian
Jiyva

Shops:
D:5 (


Innate Abilities, Weirdness & Mutations

You are a hulking beast.
Your limbs bulge with bestial killing power. (Slay +5)
You cannot wear most types of armour.
You are amphibious.
You can wear up to eight rings at the same time.
Your skin changes colour to match your surroundings (Stealth+).
Your rubbery body absorbs attacks. (AC +1, EV +1)
((You are camouflaged when in or above water. (Stealth+)))
You have tentacles for arms and can constrict up to eight enemies at once.
You have a pair of large antennae on your head. (SInv)
You are extremely strong-willed. (Will+++)
You are somewhat resistant to further mutation.
You expend magic power (3 MP) to strengthen your wands.


Message History

Your quicksilver ooze hits the efreet!
Your quicksilver ooze hits the efreet but does no damage.
The efreet closely misses your quicksilver ooze.
You see here a killer bee corpse.
Your quicksilver ooze hits the efreet!
Your quicksilver ooze hits the efreet but does no damage.
Your quicksilver ooze barely misses the efreet.
Your quicksilver ooze hits the efreet.
The efreet's magic leaks into the air.
The efreet gestures at you.
The fireball explodes!
The fireball engulfs your quicksilver ooze!!!
The fireball engulfs the efreet.
The efreet completely resists.
The fireball engulfs your quicksilver ooze!!
The arrow hits your quicksilver ooze!
You hear a shout! x2; You hear a bellow!
The efreet hits your quicksilver ooze with a +4 scimitar of flaming.
The efreet burns your quicksilver ooze.
Your quicksilver ooze hits the efreet!
The efreet dies!
An arrow appears from out of your range of vision.
The arrow hits your quicksilver ooze!
An arrow appears from out of your range of vision.
The arrow hits your quicksilver ooze!
Your quicksilver ooze dies!
Your quicksilver ooze dissolves into a puddle of slime!
You swap places.
A centaur warrior comes into view.
A centaur warrior comes into view. It is wielding a +0 shortbow.
Found a book of the Warp.
The centaur warrior shouts!
An unseen horror comes into view.
The centaur warrior wields a +0 orcbow.
The centaur warrior shoots an arrow.
The arrow closely misses you.
The arrow closely misses your quicksilver ooze.
The centaur warrior shoots an arrow.
The arrow hits you!
The centaur warrior shoots an arrow.
The arrow barely misses you.
The centaur warrior shoots an arrow.
The arrow hits you!
* * * LOW HITPOINT WARNING * * *
The centaur warrior shoots an arrow.
The arrow hits you!!
You die...

. ###...#.>..#####... #?
..###..............
#.#..:....###........####
... ... #...###..........
....##.##.#...###...##...
.8.c#.......#..†.##..#
.....#. #.#...###....#
..?...##...### .####
#.#.#.J)h†### #.
........### .. .....)###
... #.#c#○ ..# .., ..#
.#○


You could see 2 centaur warriors and a friendly quicksilver ooze (summoned).

Vanquished Creatures
  Gastronok (D:9)
  A deep elf pyromancer (Bailey)
  Joseph (D:9)
  An efreet (D:10)
  A troll (D:10)
  A hornet (D:9)
  A wyvern (D:9)
  7 yaks
  Grum (D:10)
  2 steam dragons
  A water moccasin (D:7)
  2 black bears (D:4)
  5 orc warriors
  3 ice beasts
  2 sky beasts
  4 wolves (D:10)
  4 ogres
  A centaur (D:8)
  A gnoll sergeant (D:9)
  2 bullfrogs
  6 scorpions
  5 wights (D:8)
  4 killer bees (D:10)
  A quasit (D:8)
  4 orc priests
  A sleepcap (D:5)
  3 hounds
  An iguana (D:4)
  3 gnoll boudas
  Jessica (D:3)
  13 orc wizards
  Terence (D:2)
  11 adders
  19 gnolls
  3 shadow imps
  A white imp (D:8)
  3 ufetubi
  3 dart slugs
  6 worms (D:3)
  37 orcs
  7 giant cockroaches
  4 goblins
  5 hobgoblins
  10 jackals
  7 quokkas
  4 ball pythons
  4 bats
  7 frilled lizards
  4 kobolds
  4 rats
224 creatures vanquished.

Vanquished Creatures (collateral kills)
  A two-headed ogre (D:9)
  An orc knight (Bailey)
  An efreet (D:10)
  Prince Ribbit (D:6)
  Edmund (D:5)
  2 orc warriors (Bailey)
  An orc priest (D:6)
  3 orcs (Bailey)
  3 goblins (D:8)
14 creatures vanquished.

Vanquished Creatures (others)
  A slime creature (D:10)
  2 black bears
  An orc warrior (D:10)
  A phantom (D:6)
  2 kobold brigands
  12 jellies
  A hound (D:4)
  A sleepcap (D:6)
  A gnoll (D:5)
  A dart slug (D:2)
  2 orcs (D:7)
  3 ball pythons
  An endoplasm (D:4)
  2 giant cockroaches
  A goblin (D:8)
  A bat (D:1)
  8 kobolds
  2 rats (D:2)
43 creatures vanquished.

Grand Total: 281 creatures vanquished

Notes
Turn   | Place    | Note
-------+----------+-------------------------------------------
     0 | D:1      | LeprechaunX the Octopode Shapeshifter began the quest for
                  | the Orb.
     0 | D:1      | Reached XP level 1. HP: 13/13 MP: 1/1
   104 | D:1      | Found a faded altar of an unknown god.
   127 | D:1      | Reached XP level 2. HP: 12/18 MP: 2/2
   145 | D:1      | Prayed at the altar of an unknown god.
   145 | D:1      | Became a worshipper of Jiyva Jodoph the Shapeless
   145 | D:1      | Reached * piety under Jiyva
   777 | D:2      | Reached XP level 3. HP: 19/23 MP: 3/3
   817 | D:2      | Reached ** piety under Jiyva
   905 | D:2      | Noticed Terence
   924 | D:2      | Killed Terence
   927 | D:2      | Reached skill level 4 in Unarmed Combat
   927 | D:2      | Reached XP level 4. HP: 23/29 MP: 4/4
  1276 | D:3      | Found a glowing drain.
  1289 | Sewer    | Entered a sewer
  1323 | Sewer    | Reached XP level 5. HP: 35/35 MP: 5/5
  1433 | Sewer    | Reached skill level 5 in Unarmed Combat
  1502 | D:3      | Reached XP level 6. HP: 36/41 MP: 6/6
  1742 | D:3      | Noticed Jessica
  1745 | D:3      | Killed Jessica
  1824 | D:3      | Reached *** piety under Jiyva
  1867 | D:3      | Gained mutation: You are somewhat resistant to further
                  | mutation. [Jiyva's grace]
  1867 | D:3      | Gained mutation: You are somewhat resistant to both further
                  | mutation and mutation removal. [Jiyva's grace]
  1867 | D:3      | Gained mutation: You are almost entirely resistant to
                  | further mutation and mutation removal. [Jiyva's grace]
  1867 | D:3      | Gained mutation: You are robust. (+10% HP) [Jiyva's grace]
  2157 | D:4      | Identified the ring "Dycses" {rPois MP+9}
  2452 | D:4      | Reached **** piety under Jiyva
  2600 | D:4      | Reached XP level 7. HP: 50/50 MP: 7/7
  2686 | D:4      | Reached skill level 6 in Unarmed Combat
  3227 | D:5      | Entered Level 5 of the Dungeon
  3321 | D:5      | Reached XP level 8. HP: 59/59 MP: 8/8
  3375 | D:5      | Reached skill level 7 in Unarmed Combat
  3496 | D:5      | Found a staircase to the Ecumenical Temple.
  3508 | D:5      | Found Finukal's Antique Weapon Emporium.
  3573 | D:5      | Reached skill level 5 in Shapeshifting
  3645 | D:5      | Lost mutation: You are almost entirely resistant to further
                  | mutation and mutation removal. [Jiyva's grace]
  3645 | D:5      | Lost mutation: You are somewhat resistant to both further
                  | mutation and mutation removal. [Jiyva's grace]
  3645 | D:5      | Lost mutation: You are robust. (+10% HP) [Jiyva's grace]
  3645 | D:5      | Gained mutation: You have a pair of small antennae on your
                  | head. [Jiyva's grace]
  3645 | D:5      | Gained mutation: You have a pair of antennae on your head.
                  | [Jiyva's grace]
  3645 | D:5      | Gained mutation: You have a pair of large antennae on your
                  | head. (SInv) [Jiyva's grace]
  3645 | D:5      | Gained mutation: Your muscles are strong. (Str +4, Int/Dex
                  | -1) [Jiyva's grace]
  3656 | D:5      | Reached ***** piety under Jiyva
  3690 | D:5      | Noticed Edmund
  3697 | D:5      | Killed Edmund
  3698 | D:5      | Reached skill level 5 in Fighting
  3954 | D:5      | Reached skill level 8 in Unarmed Combat
  4105 | D:6      | Noticed Prince Ribbit
  4127 | D:6      | Killed Prince Ribbit
  4128 | D:6      | Reached XP level 9. HP: 39/62 MP: 9/9
  4269 | D:6      | Reached skill level 9 in Unarmed Combat
  5165 | D:8      | Found a flagged portal.
  5180 | Bailey   | Entered a bailey
  5254 | Bailey   | Reached skill level 10 in Unarmed Combat
  5302 | Bailey   | Noticed an orc knight
  5304 | Bailey   | Found a large runed translucent door.
  5304 | Bailey   | Found a large runed translucent door.
  5309 | Bailey   | Killed an orc knight
  5310 | Bailey   | Reached XP level 10. HP: 55/71 MP: 10/10
  5313 | Bailey   | Noticed a deep elf pyromancer
  5494 | Bailey   | Killed a deep elf pyromancer
  5517 | Bailey   | Identified the staff of Conscience {rF+ Str+2 Fire}
  5694 | D:8      | Reached skill level 11 in Unarmed Combat
  5697 | D:8      | Reached skill level 1 in Ranged Weapons
  5714 | D:8      | Found a sacrificial altar of Ru.
  5714 | D:8      | Found an ornate altar of the Wu Jian Council.
  5715 | D:8      | Found a burning altar of Makhleb.
  5974 | D:9      | Noticed Joseph
  5993 | D:9      | Noticed a two-headed ogre
  5993 | D:9      | Lost mutation: Your muscles are strong. (Str +4, Int/Dex
                  | -1) [Jiyva's grace]
  5993 | D:9      | Gained mutation: You are strong-willed. (Will+) [Jiyva's
                  | grace]
  5993 | D:9      | Gained mutation: You are highly strong-willed. (Will++)
                  | [Jiyva's grace]
  5993 | D:9      | Gained mutation: You are extremely strong-willed. (Will+++)
                  | [Jiyva's grace]
  5993 | D:9      | Gained mutation: You expend magic power (3 MP) to
                  | strengthen your wands. [Jiyva's grace]
  6001 | D:9      | Killed a two-headed ogre
  6128 | D:9      | Reached ****** piety under Jiyva
  6230 | D:9      | Killed Joseph
  6374 | D:9      | Reached XP level 11. HP: 45/77 MP: 11/11
  6486 | D:9      | Noticed Gastronok
  6511 | D:9      | Killed Gastronok
  6512 | D:9      | Reached skill level 12 in Unarmed Combat
  7060 | D:10     | Entered Level 10 of the Dungeon
  7130 | D:10     | Noticed Grum
  7160 | D:10     | Killed Grum
  7227 | D:10     | Noticed a centaur warrior
  7228 | D:10     | Noticed a centaur warrior
  7229 | D:10     | Shot with an arrow by a centaur warrior

Illustrated notes

Levels and vault maps discovered:
D:1:      tekkud_arrival_beachfront_property, layout_basic,
          hellmonk_ecumenical_altar_lost_god, grunt_decor_one_mirror,
          minmay_fountain_box
D:2:      layout_basic, uniq_terence
D:3:      layout_basic, lightli_sewer_entry_pipes, uniq_jessica
D:4:      layout_loops_corners, serial_co_window_serial, co_window_paths_a,
          co_window_corner_a, co_window_of_opportunity_a, co_window_paths_b,
          co_window_of_opportunity_a, co_window_corner_b,
          co_window_unsneaky_path_b, co_window_broadway_c, co_window_broadway_b,
          co_window_of_opportunity_b, co_window_cross_3, glass_columns_b,
          glass_columns_a, glass_columns_c, glass_columns_a
D:5:      layout_loops_ring, minmay_temple_entry_large_hall, serial_shops, shop,
          minmay_tree_intersection, minivault_24, uniq_edmund
D:6:      nicolae_cairo_tiling_large, layout_cave_pools, serial_column_ruins,
          column_ruins_circle_small, column_ruins_grid_1,
          column_ruins_open_medium, column_ruins_grid_3, uniq_prince_ribbit1
D:7:      layout_basic, nicolae_twisty_statue_hallways
D:8:      layout_rooms, chequers_temple_overflow_statue_of_worship,
          enter_bailey_3, serial_demonic, serial_demonic_b, serial_demonic_g,
          serial_demonic_c, serial_demonic_d
D:9:      layout_cave_pods, grunt_decor_junction, wad_dig_loot, uniq_joseph,
          uniq_gastronok
D:10:     minmay_the_grid_four_pointed_star_mashed
          [minmay_the_grid_triangle_9x9_descending_squares,
          minmay_the_grid_triangle_9x9_zippers_horizontal,
          minmay_the_grid_triangle_9x9_alien,
          minmay_the_grid_triangle_9x9_sparse_checkered,
          minmay_the_grid_prize_big_room], layout_grid_maze, uniq_grum

Skill      XL: |  1  2  3  4  5  6  7  8  9 10 11 |
---------------+----------------------------------+-----
Fighting       | 2 3 4 5 7 8 |  8.7
Unarmed Combat | 4 5 6 8 10 11 12 | 12.4
Shapeshifting  | 4 5 6 7 8 |  8.0
Ranged Weapons | 3 4 |  4.0
Dodging        | |  2.0

Action                     |  1- 3 |  4- 6 |  7- 9 | 10-12 || total
---------------------------+-------+-------+-------+-------++-------
  Melee: Unarmed           |    48 |    97 |   172 |   156 ||   473
         Constrict         |    15 |    32 |    45 |    26 ||   118
         Tentacles         |    10 |    21 |    37 |    38 ||   106
         Punch             |     1 |     5 |    13 |     8 ||    27
   Fire: Orcbow            |       |       |       |    35 ||    35
    Use: Scroll            |       |       |       |     3 ||     3
         Potion            |       |       |       |     1 ||     1
   Stab: Sleeping          |     5 |    11 |     3 |       ||    19
         Distracted        |       |       |     1 |       ||     1
 Armour: Skin              |     6 |     2 |     5 |    18 ||    31
  Dodge: Dodged            |    31 |    42 |   107 |   115 ||   295
         Form:             |       |       |       |     1 ||     1
         Beast             |       |       |       |     1 ||     1

Table legend: (Time is in decaauts)
 A = Elapsed time spent in this place.
 B = Non-inter-level travel time spent in this place.
 C = Inter-level travel time spent in this place.
 D = Time resting spent in this place.
 E = Time spent auto-exploring this place.
 F = Levels seen in this place.
 G = Mean time per level.
                   A        B        C        D        E       F      G
               +--------+--------+--------+--------+--------+-----+--------+
         Total |   7155 |   6771 |    384 |    134 |   4972 |  12 |  596.2 |
       Dungeon |   6598 |   6214 |    384 |     32 |   4908 |  10 |  659.8 |
         Sewer |    183 |    183 |      0 |      0 |     64 |   1 |  183.0 |
        Bailey |    372 |    372 |      0 |    102 |      0 |   1 |  372.0 |
               +--------+--------+--------+--------+--------+-----+--------+

Top non-repeatable levels by time:
     D:4: 1199 daAuts
     D:9: 1058 daAuts
     D:1: 755 daAuts
     D:3: 720 daAuts
     D:5: 703 daAuts
     D:8: 549 daAuts
     D:6: 540 daAuts
     D:7: 532 daAuts
     D:2: 379 daAuts
  Bailey: 372 daAuts
   Sewer: 183 daAuts
    D:10: 160 daAuts
